Cogmind - Beta 14 @@@ ROGUE MODE // 2025.01.01 @ 14:34:44 Player: Cog on my mind Result: Destroyed by D-53 Grenadier with Mini Grenade Launcher Performance ------------- Evolutions (0) 0 Regions Visited (2) 400 Robots Destroyed (28) 140 Value Destroyed (508) 508 Prototype IDs (3) 60 Alien Tech Used (0) 0 Bonus (0) 0 TOTAL SCORE: 1108 Bonus ------- None Cogmind --------- Core Integrity 0/250 Matter 177/300 Energy 100/100 System Corruption 2% Temperature Cool (0) Movement Rolling (130) Ox2 Location -10/Mines Parts ------- > --- POWER (1) -------- (None) > --- PROPULSION (2) --- Compact Wheel > --- UTILITY (2) ------ High-capacity Storage Unit Improved Terrain Scanner > --- WEAPON (2) ------- (None) > --- INVENTORY (20) --- Aluminum Leg Aluminum Leg Wheel Wheel Hacking Suite Grenade Launcher Rocket Launcher Peak State ------------ > --- POWER ------------ Light Nuclear Core > --- PROPULSION ------- Wheel Compact Wheel > --- UTILITY ---------- High-capacity Storage Unit Improved Terrain Scanner > --- WEAPON ----------- Assault Rifle Assault Rifle > --- INVENTORY -------- Aluminum Leg Aluminum Leg Wheel Wheel Hacking Suite Grenade Launcher Rocket Launcher [Rating: 12] Favorites ----------- Power Light Nuclear Core Engine Ion Engine Power Core Light Nuclear Core Propulsion Aluminum Leg Leg Aluminum Leg Wheel Compact Wheel Utility Small Storage Unit Device Improved Terrain Scanner Storage Small Storage Unit Weapon Assault Rifle Ballistic Gun Assault Rifle Launcher Grenade Launcher Build | -11 -10 -10 ------- Run | Yrd Mat Min Slots Evolved . | . . . Power . | . . . Propulsion . | . . . Utility . | . . . Weapon . | . . . Parts Attached 24 | 7 15 2 Power 4 | 1 2 1 Engine 2 | 1 1 . Core 2 | . 1 1 Reactor . | . . . Propulsion 8 | 2 5 1 Treads . | . . . Leg 5 | 2 3 . Wheel 3 | . 2 1 Hover . | . . . Flight . | . . . Utility 4 | 2 2 . Device 2 | 1 1 . Storage 2 | 1 1 . Processor . | . . . Hackware . | . . . Protection . | . . . Artifact . | . . . Weapon 8 | 2 6 . Energy Gun . | . . . Energy Cannon . | . . . Ballistic Gun 6 | 2 4 . Ballistic Cannon . | . . . Launcher 2 | . 2 . Special Weapon . | . . . Impact Weapon . | . . . Slashing Weapon . | . . . Piercing Weapon . | . . . Special Melee Weapon . | . . . Unidentified Prototypes . | . . . Parts Lost 7 | . 3 4 Power 2 | . 1 1 Propulsion 1 | . . 1 Utility 1 | . 1 . Weapon 3 | . 1 2 Highest Loss Streak 4 | . 1 4 To Critical Strikes . | . . . Average Slot Usage (%) 88 | . 86 97 Engine 4 | . 4 4 Core 9 | . 9 9 Leg 17 | . 22 . Wheel 10 | . 5 27 Device 4 | . 1 14 Storage 14 | . 14 14 Ballistic Gun 25 | . 25 26 Launcher 2 | . 2 . Peak Build Rating 12 | 7 9 12 Average Rating 8 | 5 7 10 On Entrance 5 | . 7 9 Naked Turns . | . . . Heaviest Build 50 | 15 50 50 Greatest Support 26 | 20 26 26 Greatest Overweight (x) 2 | 1 1 2 Average Overweight (x) . | . . 1 Largest Inventory Capacity 20 | 8 20 20 Average Capacity 11 | 7 10 20 Most Carried 8 | 1 8 7 Average Carried 5 | . 6 6 Final Capacity 20 | 8 20 20 Final Carried 7 | 1 5 7 Class Distribution -------------------- 100% | Mutant Dominant Class ---------------- Mutant | -10/Materials Mutant | -10/Mines Resources | -11 -10 -10 ----------- Run | Yrd Mat Min Matter Collected 769 | 300 363 106 Remotely . | . . . Salvage Created 697 | 86 513 98 Parts 59 | 11 38 10 Haulers Intercepted . | . . . Recyclers Shooed 1 | . 1 . Parts Field Recycled . | . . . Retrieved Matter . | . . . Parts Self-Destructed . | . . . Prevented . | . . . Kills | -11 -10 -10 ------- Run | Yrd Mat Min Combat Hostiles Destroyed 18 | . 16 2 Guns 12 | . 10 2 AOE 6 | . 6 . Classes Destroyed 8 | 2 5 1 Worker 1 | . . 1 Builder 2 | . 2 . Tunneler 3 | 2 . 1 Recycler 1 | 1 . . Operator 2 | . 2 . Watcher 1 | . 1 . Swarmer 9 | . 9 . Grunt 9 | . 7 2 Best Kill Streak 5 | 3 5 1 Combat Bots Only 4 | . 4 1 Max Kills in Single Turn 3 | 1 3 1 Gunslinging . | . . . Exploded 3 | . 3 . Melee . | . . . Uniques/NPCs Destroyed . | . . . Combat | -11 -10 -10 -------- Run | Yrd Mat Min Hostile Shots Fired 88 | . 70 18 Missed 17 | . 14 3 Damage Taken 1215 | . 719 496 Core 286 | . 80 206 Absorbed by Shields . | . . . Core Remaining (%) 100 | 100 . . Volleys Fired 73 | 5 56 12 Largest 2 | 2 2 2 Hottest 40 | 40 40 40 Shots Fired 138 | 10 104 24 Gun 132 | 10 98 24 Cannon . | . . . Launcher 6 | . 6 . Special . | . . . Kinetic 132 | 10 98 24 Thermal . | . . . Explosive 6 | . 6 . Electromagnetic . | . . . Robot Hit Streak 7 | 6 7 4 Robot Miss Streak 5 | 2 5 4 Penetration Max . | . . . Secondary Targets 1 | . 1 . Max Gunslinging Chain 1 | . 1 . Shots Hit Robots 71 | 6 55 10 Core Hits 42 | 4 31 7 Critical Kills . | . . . Critical Parts Destroyed 1 | . 1 . Critical Strikes 1 | . 1 . Destroy 1 | . 1 . Melee Attacks . | . . . Impact . | . . . Slashing . | . . . Piercing . | . . . Sneak Attacks . | . . . Combat Hostiles . | . . . Follow-up Attacks . | . . . Damage Inflicted 1289 | 75 1088 126 Guns 893 | 75 692 126 Cannons . | . . . Explosions 396 | . 396 . Melee . | . . . Ramming . | . . . Kinetic 893 | 75 692 126 Thermal . | . . . Explosive 396 | . 396 . Electromagnetic . | . . . Impact . | . . . Slashing . | . . . Piercing . | . . . Highest Corruption 2 | . 2 2 Average Corruption 2 | . 2 2 Corruption Purged . | . . . Corruption Blocked . | . . . Effects 12 | . 8 4 Message Errors 4 | . 3 1 Matter Fused 4 | . 2 2 Heat Flow Errors 1 | . 1 . Energy Discharges 1 | . 1 . Data Loss (minor) 1 | . . 1 Data Loss (major) 1 | . 1 . Overload Shots . | . . . Overflow Damage 7 | . 7 . Projectiles . | . . . Explosions 7 | . 7 . Melee . | . . . Knockbacks . | . . . Impact . | . . . Kinetic . | . . . Secondary . | . . . Self-Inflicted Damage 80 | . 80 . Shots 2 | . 2 . Rammed . | . . . Targets Rammed . | . . . Kicked . | . . . Crushed . | . . . Highest Temperature 229 | . 229 2 Average Temperature 42 | . 48 1 Received Heat Transfer 246 | . 198 48 Siege Activations . | . . . Robots Corrupted . | . . . Combat Hostiles . | . . . Parts Fried . | . . . Impact Corruptions . | . . . Robots Melted . | . . . Combat Hostiles . | . . . Parts Melted . | . . . Heat Transferred . | . . . Parts Sabotaged . | . . . Parts Stolen . | . . . Parts Stripped . | . . . Power Chain Reactions . | . . . Alert | -11 -10 -10 ------- Run | Yrd Mat Min Peak Influence 382 | 15 382 150 Initial 90 | . 9 90 Average 172 | 5 201 129 Maximum Alert Level 1 | . 1 . Low Security (%) 54 | 100 36 100 Level 1 45 | . 63 . Level 2 . | . . . Level 3 . | . . . Level 4 . | . . . Level 5 . | . . . High Security . | . . . Max Security . | . . . Squads Dispatched 3 | . 3 . Investigation 1 | . 1 . Extermination . | . . . Reinforcement 2 | . 2 . Assault . | . . . Garrison . | . . . Intercept . | . . . Searches Triggered . | . . . Construction Impeded . | . . . Haulers Reinforced . | . . . Active Scanning Responses . | . . . Cargo Convoy Interrupts . | . . . Stealth | -11 -10 -10 --------- Run | Yrd Mat Min Distress Signals 3 | . 3 . Communications Jammed . | . . . Distress Signals . | . . . Times Spotted 27 | . 23 4 Peak Tracking Total 4 | . 4 2 Tactical Retreats 2 | . 2 . Traps | -11 -10 -10 ------- Run | Yrd Mat Min Traps Triggered 1 | . 1 . Indirectly . | . . . Trap Hack Attempts . | . . . Triggered . | . . . Disarmed . | . . . Reprogrammed . | . . . Reused . | . . . Traps Extracted . | . . . Installed . | . . . Triggered . | . . . Machines | -11 -10 -10 ---------- Run | Yrd Mat Min Machines Disabled . | . . . Max in Single Turn . | . . . Machines Repaired . | . . . Machines Dismantled . | . . . Machines Sabotaged . | . . . Overloaded Fab Kills . | . . . Hacking | -11 -10 -10 --------- Run | Yrd Mat Min Machines Accessed 7 | . 7 . Terminals 7 | . 7 . Fabricators . | . . . Repair Stations . | . . . Recycling Units . | . . . Scanalyzers . | . . . Garrison Access . | . . . Total Hacks 27 | . 27 . Successful 11 | . 11 . Failed 15 | . 15 . Catastrophic 1 | . 1 . Database Lockouts 1 | . 1 . Manual 16 | . 16 . Terminals 27 | . 27 . Fabricators . | . . . Repair Stations . | . . . Recycling Units . | . . . Scanalyzers . | . . . Garrison Access . | . . . Terminal Hacks 8 | . 8 . Robot Analysis 2 | . 2 . Prototype ID Bank 3 | . 3 . Terminal Index 1 | . 1 . Locate Traps 1 | . 1 . Hauler Manifests 1 | . 1 . Fabricator Hacks . | . . . Repair Station Hacks . | . . . Recycling Unit Hacks . | . . . Scanalyzer . | . . . Garrison Access Hacks . | . . . Unauthorized Hacks 3 | . 3 . Terminals 3 | . 3 . Track 1 | . 1 . Botnet 2 | . 2 . Fabricators . | . . . Repair Stations . | . . . Recycling Units . | . . . Scanalyzers . | . . . Garrison Access . | . . . Data Cores Recovered . | . . . Used . | . . . Hacking Detections 7 | . 7 . Full Trace Events 1 | . 1 . Feedback Events . | . . . Feedback Blocked . | . . . Robot Schematics Acquired . | . . . Robots Built . | . . . Authchips . | . . . Time . | . . . Total Robot Build Rating . | . . . Part Schematics Acquired . | . . . Parts Built . | . . . Authchips . | . . . Time . | . . . Total Part Build Rating . | . . . Parts Repaired . | . . . Time . | . . . Parts Recycled . | . . . Recycled Matter . | . . . Retrieved Matter . | . . . Retrieved Components . | . . . Parts Scanalyzed . | . . . Part Schematics Acquired . | . . . Parts Damaged . | . . . Bothacking | -11 -10 -10 ------------ Run | Yrd Mat Min Used RIF Installer . | . . . Robots Hacked . | . . . Non-combat . | . . . Combat . | . . . Robot Hacks Applied . | . . . Relay Couplers Released . | . . . Fabnet Peak Effective % . | . . . Robots Rewired . | . . . Allies Hacked . | . . . Hacks Repelled . | . . . Allies | -11 -10 -10 -------- Run | Yrd Mat Min Total Allies . | . . . Largest Group . | . . . Highest-Rated Group . | . . . Highest-Rated Ally . | . . . Total Orders . | . . . Ally Attacks . | . . . Total Damage . | . . . Kills . | . . . Allies Corrupted . | . . . Allies Melted . | . . . Intel | -11 -10 -10 ------- Run | Yrd Mat Min Robot Analysis Total 2 | . 2 . Derelict Logs Recovered . | . . . Drone Launches . | . . . Drone Recoveries . | . . . Exploration | -11 -10 -10 ------------- Run | Yrd Mat Min Turns Passed 1309 | 91 941 277 Spaces Moved 867 | 54 606 207 Core 6 | 6 . . Treads . | . . . Legs 501 | 48 453 . Wheels 360 | . 153 207 Hover . | . . . Flight . | . . . Fastest Speed 50 | 50 90 105 Average Speed 113 | 113 116 105 Slowest Speed 130 | 120 120 130 Overloaded Moves . | . . . Propulsion Burnouts . | . . . Robots Hopped . | . . . Cave-ins Triggered . | . . . Exploration Rate (%) 44 | 4 94 34 Regions Visited 2 Branch Regions 1 Pre-discovered Areas . | . . . Known Exits Taken . | . . . Unknown Exits Taken 2 | 1 1 . Scrap Searched . | . . . Spaces Dug 15 | . 15 . Terrain Destroyed 31 | . 31 . Melee . | . . . Projectile . | . . . AOE 31 | . 31 . Terrain Rammed . | . . . Walls Destroyed . | . . . Machines Disabled . | . . . Actions | -11 -10 -10 --------- Run | Yrd Mat Min Total 1049 | 70 737 242 Wait 68 | 4 47 17 Move 865 | 53 605 207 Hop . | . . . Pick Up 10 | 1 7 2 Fast Attach 10 | 7 2 1 Attach 4 | . 4 . Detach 1 | . 1 . Swap 10 | . 9 1 Drop 8 | . 6 2 Fire 73 | 5 56 12 Melee . | . . . Ram . | . . . Kick . | . . . Crush . | . . . Escape Stasis . | . . . Rewire . | . . . Trap . | . . . Miscellaneous . | . . . Route ------- -11/Scrapyard -10/Materials (discovered 5 exits: [*Mat x3] / [*Min] / [*Sub]) -10/Mines (discovered 1 exit: [*Mat]) History --------- Turn | Location | Event 5 | -11/Scrapyard | Discovered new exit (range 15) 92 | -11/Scrapyard | Entered Materials 304 | -10/Materials | Build established: Mutant 379 | -10/Materials | Discovered new exit (range 10) 450 | -10/Materials | Discovered new exit (range 7) 559 | -10/Materials | Discovered new exit (range 5) 666 | -10/Materials | Discovered new exit (range 16) 720 | -10/Materials | Central database locked down 1005 | -10/Materials | Discovered new exit (range 13) 1033 | -10/Materials | Entered Mines 1264 | -10/Mines | Discovered new exit (range 5) 1288 | -10/Mines | Assembled infested the area 1289 | -10/Mines | Received a Rocket Launcher from a helpful Derelict 1307 | -10/Mines | Core integrity fell below 50% 1309 | -10/Mines | Core integrity fell below 20% 1310 | -10/Mines | Destroyed by D-53 Grenadier with Mini Grenade Launcher Last Messages --------------- dispatching Demolisher response squad. 01288_ EF-V7C(g): "Need a small hole in the wall? Leave that to the mining laser wimps, I say!" 01289_ EF-V7C(g): "Would you like a rocket launcher? I know I would if I were you, so I'm going to lend you mine." 01289_ EF-V7C(g) slips back into the shadows. 01290_ Acquired Rocket Launcher. 01298_ K-01 Serf collects debris. 01298_ C-30 ARC bursts open, deploying its payload. 01298_ D-53 Grenadier unfolds itself. 01298_ Assault Rifle destroyed. 01298_ K-01 Serf destroyed. 01299_ Acquired 8 matter. 01304_ Lgt. Nuclear Core destroyed. 01306_ Wheel destroyed. 01308_ The unstable cave ceiling collapses. 01308_ Assault Rifle destroyed. Map ----- +----------------------------------------------------+ | | | | | | | | | | | | | | | | | | | ?????????????????????????????????????????????????? | | ????#????????????????????????????????????????????? | | ????????????????????#????????????????????????????? | | ?????????????#?#?????????????????????????????????? | | ####?????????????????????????????????????????????? | | #?????????????????????????????????????????????? | | #?????????????????????????????#???????????????? | | #????#????#?#????#????????????????????????????? | | #????####?????????#????????????????????????????? | | ##### ##?#??????????#?#??????????????????????? | | #?# ##????#?????#?????????????????????????? | | ### #??##############?#???????????????????? | | #??# ##?????????????????????? | | ##??# ###### ###???????????????????? | | ##### #####???# #????## < #???????????????????? | | #???#*##??????# ###### ##??????????????????? | | #??## #?##????# @ #????????? ????????? | | #####|####?#?## ##??????????????????? | | = #??## d #???????????? ??????? | | ######## #?## ### #????????? ????????? | | ????#??# ### # ##?? ????????? ?????? | | ???????# ## ##?? ###???????????? | | ?????#?# ### ### ## #???? ##??????????? | | ???#???# #?# #### ## #?#?? #??????????? | | ??#????# #?## #??# ## #??# #??????????? | | ??????## ##?## ##?# # ## #### #??????????? | | ?#???## #??# #??## d "%" #??????????? | | ???### ##??# #???# ####### ##??????????? | | ?### #???# ###########?????## #???????????? | | ### ####???# = #???#?#????# ##??????????? | | ## ##??????######### ##?#?????#?? #???????????? | | ##?#????#???????## ###?????#???? #???????????? | | # ###????##???##???## ##?????????? #???????????? | | ###??###????#???#?## ##??##??????#???????????? | | ??#???#?????######## ###????????????????????? | | ????????????# #????????????????????? | | ###???#?????# #???????????????????? | | #?????????# ####### #?????????? ????????? | | " #?????????# #?#??? #?#?????????????????? | | " #??????#??# #????? ##???????????????????? | | " #??#??????# #????? #####???????????????????? | +----------------------------------------------------+ Best States ------------- Heat Dissipation 25 Energy Generation 14 Energy Capacity 250 Matter Stores 300 Matter Capacity 300 Sight Range 16 Terrain Scan Range 16 Terrain Scan Density 10 Evasion (%) 55 Item Schematics ----------------- None Robot Schematics ------------------ None Fabricated ------------ Nothing Alien Tech Used ----------------- None Achievements -------------- None Challenges ------------ None Game ------ Seed TrackerTacticalMediator Manual? 0 Play Time 00:14:12 Cumulative 69.9 hours Start 2025.01.01 @ 14:22:47 End 2025.01.01 @ 14:34:44 Sessions 1 Manual Loads 0 Difficulty Rogue Special Mode None Game No. 13 Rogue 13 Adventurer 0 Explorer 0 Win Type - Total 4 Types 2/0/1/1/0/0/0/0/0 Lore% 39 Gallery% 43 Achievement% 51 Wizard Run 0 Options --------- Layout 1 ASCII 0 Keyboard 0 Movement Mouse Keybinds 0 Fullscreen 1 Font 24/Smallcaps Map View 50x35 Zoom Use 0% Tactical HUD 1 Map Filters NONE Filters NONE Steam 1 RUN: 9c2abcc3-8e5c-4f34-82bb-96d04399b704